 Dungeon Sprint DCSS version 0.31-a0-75-g6fe912e8c5 (webtiles) character file.

Game seed: 17569522972778705237

6 sircluck the Ruffian (level 1, -4/18 HPs)
             Began as a Ghoul Gladiator on May 23, 2023.
             Slain by an iguana (12 damage)
             ... in the Dungeon (Sprint IX: "|||||||||||||||||||||||||||||").
             The game lasted 00:00:03 (26 turns).

sircluck the Ruffian (Ghoul Gladiator)                Turns: 26, Time: 00:00:04

Health: -4/18      AC:  4    Str: 17    XL:     1   Next: 90%
Magic:  0/0        EV: 12    Int:  3    God:
Gold:   0          SH:  0    Dex: 10    Spells: 0/0 levels left

rFire   . .          .
                       - Unarmed
rCold   + . .        (no shield)
rNeg    + + +        a - +0 leather armour
rPois   ∞            b - +0 helmet
rElec   .            (no cloak)
rCorr   .            (no gloves)
SInv    .            (no boots)
Will    .....        (no amulet)
Stlth   +            (no ring)
HPRegen 0.00/turn    (no ring)
MPRegen 0.07/turn

%: no teleportation
@: inhibited regen
A: claws 1, cold resistance 1, negative energy resistance 3, inhibited
regeneration, torment resistance 2, devour on kill
a: no special abilities


You were in the Dungeon.
You visited 1 branch

Inventory:

Missiles
 c - 3 throwing nets (quivered)
 d - a javelin
Armour
 a - a +0 leather armour (worn)
 b - a +0 helmet (worn)
Scrolls
 i - a scroll of blinking
Potions
 e - a potion of curing
 f - a potion of heal wounds
 g - a potion of haste
 h - 2 potions of magic


   Skills:
 + Level 2.5 Fighting
 + Level 2.0 Throwing
 + Level 3.3 Dodging
 + Level 4.2 Unarmed Combat


You couldn't memorise any spells.
You didn't know any spells.
Your spell library was empty.

Dungeon Overview and Level Annotations

Branches:
Dungeon (1/1)

Altars:


Innate Abilities, Weirdness & Mutations

You are immune to poison.
You have sharp fingernails.
Your flesh is cold resistant. (rC+)
You are immune to negative energy. (rN+++)
You do not regenerate when monsters are visible.
You are immune to unholy pain and torment.
You thrive by killing the living.


Message History

You scratch the hobgoblin.
You kill the hobgoblin!
You scratch the goblin.
You kill the goblin!
Your Throwing skill increases to level 2!
Your Unarmed Combat skill increases to level 4!
The kobold hits you with a +0 club.
Things that are here:
a +0 club; a goblin corpse; a hobgoblin corpse You scratch the kobold but do no damage.
The kobold closely misses you.
You barely miss the kobold. The kobold closely misses you.
You scratch the kobold.
The kobold is moderately wounded.
The kobold closely misses you.
You barely miss the kobold.
The kobold is moderately wounded.
The kobold closely misses you.
You barely miss the kobold.
The kobold is moderately wounded.
The kobold misses you.
You scratch the kobold.
You kill the kobold!
You feel better. The bat barely misses you. The bat closely misses you.
You scratch the bat.
You kill the bat!
You see here a +0 club.
You open the door.
An iguana, an adder, 2 orcs and a scorpion come into view.
The iguana hisses angrily.
The orc shouts!
You claw the iguana!
The iguana is heavily wounded.
The iguana bites you!
Ouch! That really hurt!
Unknown command.
You scratch the iguana.
The iguana is heavily wounded.
The iguana bites you!
Ouch! That really hurt!
You die...

▓.▓
▓.▓
▓.▓
▓'▓
▓)▓
▓)▓
▓.▓
▓.▓
▓@▓
▓l▓
▓S▓
▓o▓
▓o▓
▓.▓
▓s▓
▓+▓


You could see a scorpion, an iguana, an adder and 2 orcs.

Vanquished Creatures
  A ball python (D)
  A goblin (D)
  A hobgoblin (D)
  A kobold (D)
  A bat (D)
5 creatures vanquished.

Notes
Turn   | Place    | Note
-------+----------+-------------------------------------------
     0 | D        | sircluck the Ghoul Gladiator began the quest for the Orb.
     0 | D        | Reached XP level 1. HP: 17/17 MP: 0/0
    12 | D        | Reached skill level 4 in Unarmed Combat
    24 | D        | Noticed an iguana
    24 | D        | Noticed a scorpion
    26 | D        | Slain by an iguana

Illustrated notes

Levels and vault maps discovered:
D:        linesprint [early_d, line_temple, items_1, d_10, items_2, lair_1,
          lair_end, items_3, orc_1, orc_end, items_4, d_15, swamp_1, shoals_1,
          snake_1, spider_1, d_20, vaults_1, items_5, swamp_end, shoals_end,
          snake_end, spider_end, vaults_end, d_27, items_6, zot_1, zot_end,
          crypt_end, forest_end, elf_end, slime_end, tomb_end, abyss_end,
          pan_hell_end]

Skill      XL: |  1 |
---------------+----+-----
Dodging        | 3 |  3.3
Throwing       | 2 |  2.0
Unarmed Combat | 4 |  4.2
Fighting       | |  2.5

Action                     || total
---------------------------++-------
  Melee: Unarmed           ||    16
         Punch             ||     1
  Dodge: Dodged            ||    12

Table legend: (Time is in decaauts)
 A = Elapsed time spent in this place.
 B = Non-inter-level travel time spent in this place.
 C = Inter-level travel time spent in this place.
 D = Time resting spent in this place.
 E = Time spent auto-exploring this place.
 F = Levels seen in this place.
 G = Mean time per level.
                   A        B        C        D        E       F      G
               +--------+--------+--------+--------+--------+-----+--------+
         Total |     24 |     24 |      0 |      0 |      0 |   1 |   24.0 |
       Dungeon |     24 |     24 |      0 |      0 |      0 |   1 |   24.0 |
               +--------+--------+--------+--------+--------+-----+--------+

Top non-repeatable levels by time:
       D: 24 daAuts
